Blues vs Sharks
(R1)
Created - 25 novembre 2014 at 19:16
Goals
|
Blues |
3 |
4 |
1 |
8 |
Sharks |
0 |
1 |
1 |
2 |
|
Shots
|
Blues |
13 |
18 |
11 |
42 |
Sharks |
10 |
10 |
7 |
27 |
|
1st period
1. Blues , Marian Hossa 17 (Paul Kariya) at 9:29
2. Blues , Dan Boyle 4 (David Perron, Bryce Lampman) at 13:02
3. Blues , Nik Antropov 10 (Kristopher Letang) at 15:19 (PP)
Penalties :
Paul Kariya (STL) for Tripping (Minor) at 3:22, Dan Boyle (STL) for Hooking (Minor) at 9:56, Daniel Alfredsson (SJS) for High sticking (Double Minor) at 14:32, Ted Purcell (SJS) for Hooking (Minor) at 18:25
2nd period
4. Blues , Andrew Cogliano 6 (Marcel Hossa) at 5:51
5. Blues , David Perron 12 (Michael Frolik, Kristopher Letang) at 6:49 (PP)
6. Blues , David Perron 13 (Kristopher Letang, Brian Lee) at 13:31
7. Sharks , Antoine Vermette 11 (Lasse Kukkonen, Ted Purcell) at 14:33
8. Blues , David Perron 14 (Michael Frolik, Travis Zajac) at 18:42 (PP)
Penalties :
Ted Purcell (SJS) for Diving (Minor) at 6:15, Alex Pietrangelo (SJS) for Hooking (Minor) at 17:56
3rd period
9. Blues , Michael Frolik 8 (David Perron) at 2:51
10. Sharks , Markus Naslund 6 (David Hale) at 3:07
Penalties :
Boris Valabik (SJS) for Interference (Minor) at 7:55, David Legwand (SJS) for Holding (Minor) at 12:50
Goalie Stats
Tuukka Rask (STL), 25 saves from 27 shots - (0,926), W, 14-5-1, 60:00 minutes
Mike Brodeur (SJS), 21 saves from 25 shots - (0,840), L, 6-1-0, 43:00 minutes
Tyler Weiman (SJS), 13 saves from 17 shots - (0,765), 17:00 minutes
Players Stats for Blues
Player Name G A P +/- PIM S H SB GA TA FO MP PP MP PK MP
------------------------------------------------------------------------------------
Andrew Cogliano 1 0 1 0 0 2 2 0 0 0 6/10 12:50 0:00 1:50
Brian Lee 0 1 1 0 0 1 2 2 0 0 0/0 18:12 3:45 0:00
Bryce Lampman 0 1 1 2 0 3 1 1 0 2 0/0 19:55 0:00 1:59
Dan Boyle 1 0 1 2 2 3 3 1 0 0 0/0 26:08 6:18 0:00
David Perron 3 2 5 3 0 6 2 1 1 0 0/1 18:39 5:02 0:33
Drew Fata 0 0 0 2 0 0 1 0 0 1 0/0 14:33 0:00 1:59
Kevin Porter 0 0 0 1 0 1 0 0 0 0 1/1 7:53 0:00 0:07
Kevin Shattenkirk 0 0 0 1 0 2 0 2 0 0 0/0 17:58 3:45 1:59
Kristopher Letang 0 3 3 0 0 3 2 0 0 2 0/0 24:20 6:18 1:59
Marcel Hossa 0 1 1 0 0 3 0 1 0 0 0/1 11:00 0:00 0:00
Marian Hossa 1 0 1 0 0 3 1 1 3 0 0/2 20:17 5:01 0:00
Michael Frolik 1 2 3 2 0 3 2 1 0 0 0/1 16:59 5:02 0:00
Nik Antropov 1 0 1 2 0 3 0 0 0 1 13/25 18:49 5:01 2:01
Paul Kariya 0 1 1 0 2 0 0 0 1 0 0/1 20:19 5:01 0:00
Ryan Callahan 0 0 0 0 0 0 2 0 0 0 0/0 6:36 0:00 0:00
Sergei Shirokov 0 0 0 0 0 4 3 0 1 0 0/0 12:27 0:00 1:24
Taylor Pyatt 0 0 0 0 0 1 1 1 0 0 0/0 8:37 0:00 2:01
Travis Zajac 0 1 1 0 0 4 0 0 1 0 13/24 20:28 5:02 0:00
Players Stats for Sharks
Player Name G A P +/- PIM S H SB GA TA FO MP PP MP PK MP
------------------------------------------------------------------------------------
Adam Pardy 0 0 0 -1 0 2 0 3 0 0 0/0 13:24 0:00 3:37
Alex Pietrangelo 0 0 0 -1 2 1 0 1 1 0 0/0 15:00 1:43 0:00
Antoine Vermette 1 0 1 1 0 6 1 2 0 0 17/33 23:31 0:00 6:22
Boris Valabik 0 0 0 0 2 0 0 0 0 0 0/0 6:52 2:15 0:00
Brandon Yip 0 0 0 -3 0 0 1 0 0 0 0/0 11:19 0:00 0:00
Cal Clutterbuck 0 0 0 0 0 1 2 0 0 0 0/0 7:11 1:59 0:00
Daniel Alfredsson 0 0 0 -1 4 1 1 1 0 0 1/1 14:46 1:59 0:00
Dany Heatley 0 0 0 -1 0 1 4 0 0 0 1/1 19:40 1:59 0:39
David Hale 0 1 1 -1 0 0 0 1 1 0 0/0 25:02 0:00 6:26
David Legwand 0 0 0 -1 2 4 1 0 2 0 7/14 19:19 1:59 0:00
Francis Bouillon 0 0 0 0 0 0 0 0 0 0 0/0 4:16 0:00 0:00
Johnny Boychuk 0 0 0 -1 0 1 0 2 0 1 0/0 15:01 1:43 0:00
Kyle Wellwood 0 0 0 -2 0 1 0 1 1 0 5/10 15:31 1:59 3:14
Lasse Kukkonen 0 1 1 -1 0 0 1 2 1 4 0/0 27:19 2:15 6:26
Markus Naslund 1 0 1 1 0 5 2 0 0 0 0/2 20:14 1:59 1:35
Martin Samuelsson 0 0 0 -3 0 2 1 2 0 0 0/0 18:08 0:00 6:22
Shaone Morrisonn 0 0 0 -1 0 0 1 0 0 1 0/0 13:24 0:00 3:37
Ted Purcell 0 1 1 0 4 2 1 1 0 1 2/5 19:54 0:00 1:54
3 Stars
1 - David Perron (STL)
2 - Michael Frolik (STL)
3 - Kristopher Letang (STL)
Power Play
Blues - 3 on 7 Attempt(s) - 42,86%
Sharks - 0 on 2 Attempt(s) - 0,00%
Penalty Kill
Blues - 2 on 2 Attempt(s) - 100,00%
- Score 0 goal in Penalty Kill
Sharks - 4 on 7 Attempt(s) - 57,14%
- Score 0 goal in Penalty Kill
Official
Referees : Joannette Marc and O'Halloran Dan
Linesman : Lyle Seitz and Pierre Champoux
Game Notes
2:20 of 1st period - Blues goal is going for a video replay. After video review, No Goal. The referee deems the play has been stopped, even if he had not physically had the opportunity to stop play by blowing his whistle.
Tyler Weiman enters game at 5:51 of 2nd period
David Perron has scored a Hat Trick!
0:45 of 3rd period - Sharks goal is going for a video replay. After video review, No Goal. The puck has deflected directly into the net off by an official.
Mike Brodeur enters game at 2:51 of 3rd period
Finance
Level 1 -- Attendance: 4405 (73,42%) -- Ticket Income 396 450 $
Level 2 -- Attendance: 3918 (78,36%) -- Ticket Income 235 080 $
Level 3 -- Attendance: 1238 (61,90%) -- Ticket Income 49 520 $
Level 4 -- Attendance: 4000 (100,00%) -- Ticket Income 80 000 $
Luxury Box -- Attendance: 832 (83,20%) -- Ticket Income 149 760 $
Game was played at the Hockey Place Center
Total Attendance: 14393 (79,96%)
Total Ticket Income: 910 810 $
Other Income: 136 622 $
Total Income: 1 047 432 $
Blues
5 vs 5 Forward
Center Left Wing Right Wing Time % Phy DF OF
1 Travis Zajac Paul Kariya Marian Hossa 40 1 2 2
2 Nik Antropov David Perron Michael Frolik 30 1 2 2
3 Andrew Cogliano Marcel Hossa Sergei Shirokov 20 1 2 2
4 Kevin Porter Taylor Pyatt Ryan Callahan 10 1 2 2
5 vs 5 Defense
Defense Defense Time % Phy DF OF
1 Dan Boyle Bryce Lampman 40 1 2 2
2 Kristopher Letang Brian Lee 30 1 2 2
3 Drew Fata Kevin Shattenkirk 20 1 2 2
4 Dan Boyle Kristopher Letang 10 1 2 2
PowerPlay Forward
Center Left Wing Right Wing Time % Phy DF OF
1 Nik Antropov Paul Kariya Marian Hossa 60 1 2 2
2 Travis Zajac David Perron Michael Frolik 40 1 2 2
PowerPlay Defense
Defense Defense Time % Phy DF OF
1 Dan Boyle Kristopher Letang 60 1 2 2
2 Brian Lee Kevin Shattenkirk 40 1 2 2
Penalty Kill 4 Players Forward
Center Wing Time % Phy DF OF
1 Nik Antropov Taylor Pyatt 60 1 2 2
2 Andrew Cogliano Sergei Shirokov 40 1 2 2
Penalty Kill 4 Players Defense
Defense Defense Time % Phy DF OF
1 Bryce Lampman Drew Fata 60 1 2 2
2 Kristopher Letang Kevin Shattenkirk 40 1 2 2
Penalty Kill - 3 Players Forward
Forward Time % Phy DF OF
1 Taylor Pyatt 60 1 2 2
2 Nik Antropov 40 1 2 2
Penalty Kill - 3 Players Defense
Defense Defense Time % Phy DF OF
1 Drew Fata Bryce Lampman 60 1 2 2
2 Brian Lee Dan Boyle 40 1 2 2
4 vs 4 Forward
Center Wing Time % Phy DF OF
1 Travis Zajac Paul Kariya 60 1 2 2
2 Nik Antropov Marian Hossa 40 1 2 2
4 vs 4 Defense
Defense Defense Time % Phy DF OF
1 Dan Boyle Bryce Lampman 60 1 2 2
2 Kristopher Letang Brian Lee 40 1 2 2
Last Minutes Offensive
Center Left Wing Right Wing Defense Defense
Travis Zajac Paul Kariya Marian Hossa Dan Boyle Kristopher Letang
Last Minutes Defensive
Center Left Wing Right Wing Defense Defense
Nik Antropov Taylor Pyatt Sergei Shirokov Bryce Lampman Drew Fata
Goaltenders
Starting : Tuukka Rask
Backup : Cory Schneider
Extra Forwards
Normal : Andrew Cogliano, Taylor Pyatt, Sergei Shirokov - PP : Andrew Cogliano, Taylor Pyatt - PK : Sergei Shirokov
Extra Defensemen
Normal : Brian Lee, Kevin Shattenkirk, Bryce Lampman - PP : Brian Lee - PK : Kevin Shattenkirk, Bryce Lampman
Penalty Shots
David Perron, Michael Frolik, Nik Antropov, Marian Hossa, Travis Zajac
Sharks
5 vs 5 Forward
Center Left Wing Right Wing Time % Phy DF OF
1 Antoine Vermette Markus Naslund Ted Purcell 40 1 3 1
2 David Legwand Dany Heatley Daniel Alfredsson 30 1 2 2
3 Kyle Wellwood Martin Samuelsson Brandon Yip 20 2 3 0
4 David Legwand Dany Heatley Cal Clutterbuck 10 1 2 2
5 vs 5 Defense
Defense Defense Time % Phy DF OF
1 Lasse Kukkonen David Hale 40 1 2 2
2 Johnny Boychuk Alex Pietrangelo 30 1 2 2
3 Adam Pardy Shaone Morrisonn 20 1 3 1
4 Boris Valabik Francis Bouillon 10 1 2 2
PowerPlay Forward
Center Left Wing Right Wing Time % Phy DF OF
1 Kyle Wellwood Markus Naslund Cal Clutterbuck 50 1 1 3
2 David Legwand Dany Heatley Daniel Alfredsson 50 1 1 3
PowerPlay Defense
Defense Defense Time % Phy DF OF
1 Lasse Kukkonen Boris Valabik 50 1 1 2
2 Johnny Boychuk Alex Pietrangelo 50 1 1 3
Penalty Kill 4 Players Forward
Center Wing Time % Phy DF OF
1 Antoine Vermette Martin Samuelsson 60 1 4 0
2 Kyle Wellwood Ted Purcell 40 1 4 0
Penalty Kill 4 Players Defense
Defense Defense Time % Phy DF OF
1 Lasse Kukkonen David Hale 60 1 4 0
2 Adam Pardy Shaone Morrisonn 40 1 4 0
Penalty Kill - 3 Players Forward
Forward Time % Phy DF OF
1 Dany Heatley 60 1 4 0
2 Kyle Wellwood 40 1 4 0
Penalty Kill - 3 Players Defense
Defense Defense Time % Phy DF OF
1 Lasse Kukkonen David Hale 60 1 4 0
2 Adam Pardy Shaone Morrisonn 40 1 4 0
4 vs 4 Forward
Center Wing Time % Phy DF OF
1 Kyle Wellwood Daniel Alfredsson 50 1 1 3
2 David Legwand Dany Heatley 50 1 1 3
4 vs 4 Defense
Defense Defense Time % Phy DF OF
1 Lasse Kukkonen David Hale 50 1 2 2
2 Johnny Boychuk Alex Pietrangelo 50 1 2 2
Last Minutes Offensive
Center Left Wing Right Wing Defense Defense
David Legwand Dany Heatley Daniel Alfredsson Lasse Kukkonen Alex Pietrangelo
Last Minutes Defensive
Center Left Wing Right Wing Defense Defense
Kyle Wellwood Dany Heatley Daniel Alfredsson Lasse Kukkonen Shaone Morrisonn
Goaltenders
Starting : Mike Brodeur
Backup : Tyler Weiman
Extra Forwards
Normal : Ted Purcell, Brandon Yip, Cal Clutterbuck - PP : Cal Clutterbuck, Brandon Yip - PK : Markus Naslund
Extra Defensemen
Normal : Alex Pietrangelo, Francis Bouillon, Adam Pardy - PP : David Hale - PK : Shaone Morrisonn, Francis Bouillon
Penalty Shots
Dany Heatley, David Legwand, Antoine Vermette, Daniel Alfredsson, Ted Purcell
% Time on Ice - Blues
Lines # - Real PCT - Wanted PCT - Time Play
Normal Forward
1 - 36% - 40% - 16:23
2 - 26% - 30% - 12:00
3 - 24% - 20% - 11:00
4 - 14% - 10% - 6:36
Normal Defense
1 - 39% - 40% - 18:06
2 - 32% - 30% - 14:41
3 - 23% - 20% - 10:39
4 - 6% - 10% - 2:33
PP Forward
1 - 50% - 60% - 5:01
2 - 50% - 40% - 5:02
PP Defense
1 - 63% - 60% - 6:18
2 - 37% - 40% - 3:45
PK Forward
1 - 65% - 60% - 2:34
2 - 35% - 40% - 1:24
PK Defense
1 - 50% - 60% - 1:59
2 - 50% - 40% - 1:59
PK3 Forward
1 - 0% - 60%
2 - 0% - 40%
PK3 Defense
1 - 0% - 60%
2 - 0% - 40%
44 Forward
1 - 0% - 60%
2 - 0% - 40%
44 Defense
1 - 0% - 60%
2 - 0% - 40%
Last Minute Offensive - 0:00
Last Minute Defensive - 0:00
Total
Forward - 60:00
Defense - 60:00
|
% Time on Ice - Sharks
Lines # - Real PCT - Wanted PCT - Time Play
Normal Forward
1 - 39% - 40% - 17:47
2 - 28% - 30% - 12:43
3 - 23% - 20% - 10:38
4 - 11% - 10% - 4:51
Normal Defense
1 - 41% - 40% - 18:38
2 - 33% - 30% - 14:59
3 - 18% - 20% - 8:06
4 - 9% - 10% - 4:16
PP Forward
1 - 50% - 50% - 1:59
2 - 50% - 50% - 1:59
PP Defense
1 - 57% - 50% - 2:15
2 - 43% - 50% - 1:43
PK Forward
1 - 71% - 60% - 7:10
2 - 29% - 40% - 2:53
PK Defense
1 - 64% - 60% - 6:26
2 - 36% - 40% - 3:37
PK3 Forward
1 - 0% - 60%
2 - 0% - 40%
PK3 Defense
1 - 0% - 60%
2 - 0% - 40%
44 Forward
1 - 0% - 50%
2 - 0% - 50%
44 Defense
1 - 0% - 50%
2 - 0% - 50%
Last Minute Offensive - 0:00
Last Minute Defensive - 0:00
Total
Forward - 60:00
Defense - 60:00
|
Play by Play
1st period
0:01 of 1st period - Travis Zajac wins face-off versus Antoine Vermette in neutral zone.
1:37 of 1st period - Paul Kariya is hit by Martin Samuelsson and loses puck.
2:02 of 1st period - Slapshot by Michael Frolik.
2:02 of 1st period - Shot Misses the Net.
2:18 of 1st period - Wrist shot by Marcel Hossa.
2:18 of 1st period - Stopped by Mike Brodeur with a rebound.
2:20 of 1st period - Wrist shot by Kevin Shattenkirk.
2:20 of 1st period - Deflect By Shaone Morrisonn.
2:20 of 1st period - Blues goal is going for a video replay.
2:20 of 1st period - The goal is refused. The referee deems the play has been stopped, even if he had not physically had the opportunity to stop play by blowing his whistle..
2:21 of 1st period - Andrew Cogliano wins face-off versus Kyle Wellwood in Sharks zone.
2:48 of 1st period - Travis Zajac is hit by Dany Heatley and loses puck.
2:53 of 1st period - Slapshot by David Legwand.
2:53 of 1st period - Stopped by Tuukka Rask without a rebound.
2:54 of 1st period - Antoine Vermette wins face-off versus Paul Kariya in Blues zone.
3:15 of 1st period - Travis Zajac is hit by Antoine Vermette and loses puck.
3:22 of 1st period - Minor Penalty to Paul Kariya for Tripping.
3:23 of 1st period - Nik Antropov wins face-off versus Kyle Wellwood in Blues zone.
5:07 of 1st period - Kristopher Letang is hit by Dany Heatley and loses puck.
5:22 of 1st period - Penalty to Paul Kariya is over, Paul Kariya is back on ice.
5:35 of 1st period - Snap shot by Antoine Vermette.
5:35 of 1st period - Stopped by Tuukka Rask without a rebound.
5:36 of 1st period - Antoine Vermette wins face-off versus Travis Zajac in Blues zone.
6:17 of 1st period - Slapshot by Nik Antropov.
6:17 of 1st period - Shot Misses the Net.
6:40 of 1st period - Slapshot by Sergei Shirokov.
6:40 of 1st period - Shot Misses the Net.
6:58 of 1st period - Shaone Morrisonn is hit by Ryan Callahan.
7:46 of 1st period - Snap shot by Sergei Shirokov.
7:46 of 1st period - Shot Misses the Net.
7:48 of 1st period - Snap shot by Andrew Cogliano.
7:48 of 1st period - Shot Misses the Net.
7:50 of 1st period - Wrist shot by Sergei Shirokov.
7:50 of 1st period - Stopped by Mike Brodeur with a rebound.
7:52 of 1st period - Wrist shot by Marcel Hossa.
7:52 of 1st period - Shot Misses the Net.
7:54 of 1st period - Slapshot by Brian Lee.
7:54 of 1st period - Shot Misses the Net.
8:36 of 1st period - Snap shot by Travis Zajac.
8:36 of 1st period - Shot Blocked by Johnny Boychuk.
8:38 of 1st period - Slapshot by Drew Fata.
8:38 of 1st period - Deflect By Marian Hossa.
8:38 of 1st period - Shot Misses the Net.
8:38 of 1st period - Puck is out of play.
8:39 of 1st period - Travis Zajac wins face-off versus David Legwand in Sharks zone.
8:50 of 1st period - Snap shot by Travis Zajac.
8:50 of 1st period - Stopped by Mike Brodeur without a rebound.
8:51 of 1st period - Antoine Vermette wins face-off versus Nik Antropov in Sharks zone.
8:51 of 1st period - Antoine Vermette is hit by Bryce Lampman.
9:29 of 1st period - Backhand shot by Marian Hossa.
9:29 of 1st period - Goal by Marian Hossa - Blues : 1 - Sharks : 0.
9:30 of 1st period - Antoine Vermette wins face-off versus Travis Zajac in neutral zone.
9:49 of 1st period - Icing by Dan Boyle.
9:50 of 1st period - David Legwand wins face-off versus Travis Zajac in Blues zone.
9:56 of 1st period - Minor Penalty to Dan Boyle for Hooking.
9:57 of 1st period - David Legwand wins face-off versus Nik Antropov in Blues zone.
9:57 of 1st period - Slapshot by Alex Pietrangelo.
9:57 of 1st period - Stopped by Tuukka Rask with a rebound.
9:59 of 1st period - Slapshot by David Legwand.
9:59 of 1st period - Stopped by Tuukka Rask with a rebound.
10:01 of 1st period - Wrist shot by Dany Heatley.
10:01 of 1st period - Shot Blocked by Taylor Pyatt.
10:23 of 1st period - Markus Naslund is hit by Sergei Shirokov and loses puck.
11:19 of 1st period - Dany Heatley is hit by Andrew Cogliano and loses puck.
11:56 of 1st period - Penalty to Dan Boyle is over, Dan Boyle is back on ice.
12:07 of 1st period - Icing by Dan Boyle.
12:08 of 1st period - Kevin Porter wins face-off versus Ted Purcell in Blues zone.
12:21 of 1st period - Snap shot by Dan Boyle.
12:21 of 1st period - Stopped by Mike Brodeur with a rebound.
13:02 of 1st period - Snap shot by Dan Boyle.
13:02 of 1st period - Goal by Dan Boyle - Blues : 2 - Sharks : 0.
13:03 of 1st period - Andrew Cogliano wins face-off versus David Legwand in neutral zone.
13:16 of 1st period - Snap shot by Daniel Alfredsson.
13:16 of 1st period - Deflect By David Legwand.
13:16 of 1st period - Shot Misses the Net.
13:16 of 1st period - Puck is out of play.
13:17 of 1st period - Dany Heatley wins face-off versus Nik Antropov in Blues zone.
13:47 of 1st period - Off-side.
13:48 of 1st period - Antoine Vermette wins face-off versus Andrew Cogliano in neutral zone.
14:05 of 1st period - Slapshot by Sergei Shirokov.
14:05 of 1st period - Stopped by Mike Brodeur with a rebound.
14:07 of 1st period - Snap shot by Andrew Cogliano.
14:07 of 1st period - Stopped by Mike Brodeur without a rebound.
14:08 of 1st period - Nik Antropov wins face-off versus David Legwand in Sharks zone.
14:17 of 1st period - Snap shot by David Perron.
14:17 of 1st period - Stopped by Mike Brodeur without a rebound.
14:18 of 1st period - Nik Antropov wins face-off versus David Legwand in Sharks zone.
14:32 of 1st period - Double Minor Penalty to Daniel Alfredsson for High sticking.
14:33 of 1st period - Antoine Vermette wins face-off versus Nik Antropov in Sharks zone.
15:19 of 1st period - Snap shot by Nik Antropov.
15:19 of 1st period - Goal by Nik Antropov - Blues : 3 - Sharks : 0.
15:20 of 1st period - Antoine Vermette wins face-off versus Nik Antropov in neutral zone.
15:32 of 1st period - Snap shot by Antoine Vermette.
15:32 of 1st period - Deflect By Martin Samuelsson.
15:32 of 1st period - Stopped by Tuukka Rask without a rebound.
15:33 of 1st period - Nik Antropov wins face-off versus Antoine Vermette in Blues zone.
16:02 of 1st period - Snap shot by Dan Boyle.
16:02 of 1st period - Shot Blocked by Kyle Wellwood.
16:04 of 1st period - Slapshot by Kristopher Letang.
16:04 of 1st period - Stopped by Mike Brodeur with a rebound.
16:06 of 1st period - Snap shot by Dan Boyle.
16:06 of 1st period - Shot Blocked by Lasse Kukkonen.
16:08 of 1st period - Slapshot by Kristopher Letang.
16:08 of 1st period - Deflect By Travis Zajac.
16:08 of 1st period - Shot Misses the Net.
16:08 of 1st period - Puck is out of play.
16:09 of 1st period - Kyle Wellwood wins face-off versus Travis Zajac in Sharks zone.
16:14 of 1st period - Slapshot by Ted Purcell.
16:14 of 1st period - Shot Misses the Net.
16:16 of 1st period - Wrist shot by Ted Purcell.
16:16 of 1st period - Stopped by Tuukka Rask with a rebound.
16:18 of 1st period - Slapshot by Adam Pardy.
16:18 of 1st period - Stopped by Tuukka Rask with a rebound.
16:20 of 1st period - Snap shot by Shaone Morrisonn.
16:20 of 1st period - Shot Blocked by Brian Lee.
16:22 of 1st period - Snap shot by Adam Pardy.
16:22 of 1st period - Stopped by Tuukka Rask with a rebound.
16:24 of 1st period - Slapshot by Adam Pardy.
16:24 of 1st period - Shot Blocked by Michael Frolik.
16:38 of 1st period - Snap shot by Kyle Wellwood.
16:38 of 1st period - Shot Blocked by Brian Lee.
16:40 of 1st period - Wrist shot by Kyle Wellwood.
16:40 of 1st period - Stopped by Tuukka Rask without a rebound.
16:41 of 1st period - Nik Antropov wins face-off versus Antoine Vermette in Blues zone.
16:49 of 1st period - Off-side.
16:50 of 1st period - Nik Antropov wins face-off versus Antoine Vermette in neutral zone.
17:18 of 1st period - Martin Samuelsson is hit by Dan Boyle and loses puck.
17:19 of 1st period - Penalty to Daniel Alfredsson is over, Daniel Alfredsson is back on ice.
17:23 of 1st period - Snap shot by Michael Frolik.
17:23 of 1st period - Deflect By David Perron.
17:23 of 1st period - Shot Misses the Net.
17:23 of 1st period - Puck is out of play.
17:24 of 1st period - Andrew Cogliano wins face-off versus David Legwand in Sharks zone.
17:27 of 1st period - Snap shot by Marcel Hossa.
17:27 of 1st period - Stopped by Mike Brodeur with a rebound.
17:37 of 1st period - Snap shot by Dany Heatley.
17:37 of 1st period - Shot Blocked by Kevin Shattenkirk.
17:39 of 1st period - Wrist shot by Johnny Boychuk.
17:39 of 1st period - Stopped by Tuukka Rask with a rebound.
17:41 of 1st period - Snap shot by David Legwand.
17:41 of 1st period - Shot Hit the Post.
17:53 of 1st period - Icing by Markus Naslund.
17:54 of 1st period - Antoine Vermette wins face-off versus Travis Zajac in Sharks zone.
18:08 of 1st period - Travis Zajac is hit by Markus Naslund and loses puck.
18:16 of 1st period - Wrist shot by Markus Naslund.
18:16 of 1st period - Shot Blocked by Marian Hossa.
18:25 of 1st period - Minor Penalty to Ted Purcell for Hooking.
18:26 of 1st period - Antoine Vermette wins face-off versus Nik Antropov in Sharks zone.
19:24 of 1st period - Antoine Vermette is hit by Brian Lee and loses puck.
Goals for this period are 3 for Blues vs 0 for Sharks.
Shots for this period are 13 for Blues vs 10 for Sharks.
2nd period
0:01 of 2nd period - Antoine Vermette wins face-off versus Nik Antropov in neutral zone.
0:12 of 2nd period - Slapshot by Dan Boyle.
0:12 of 2nd period - Shot Misses the Net.
0:25 of 2nd period - Penalty to Ted Purcell is over, Ted Purcell is back on ice.
1:15 of 2nd period - Wrist shot by Antoine Vermette.
1:15 of 2nd period - Deflect By Markus Naslund.
1:15 of 2nd period - Stopped by Tuukka Rask without a rebound.
1:16 of 2nd period - David Legwand wins face-off versus Michael Frolik in Blues zone.
1:21 of 2nd period - Wrist shot by David Legwand.
1:21 of 2nd period - Deflect By Daniel Alfredsson.
1:21 of 2nd period - Stopped by Tuukka Rask without a rebound.
1:22 of 2nd period - David Legwand wins face-off versus Travis Zajac in Blues zone.
1:27 of 2nd period - Backhand shot by Dany Heatley.
1:27 of 2nd period - Deflect By David Legwand.
1:27 of 2nd period - Stopped by Tuukka Rask with a rebound.
1:29 of 2nd period - Wrist shot by Francis Bouillon.
1:29 of 2nd period - Shot Blocked by Bryce Lampman.
2:44 of 2nd period - Snap shot by Kristopher Letang.
2:44 of 2nd period - Shot Blocked by Johnny Boychuk.
3:34 of 2nd period - Snap shot by Dany Heatley.
3:34 of 2nd period - Shot Misses the Net.
4:33 of 2nd period - Icing by Bryce Lampman.
4:34 of 2nd period - Travis Zajac wins face-off versus Kyle Wellwood in Blues zone.
4:34 of 2nd period - Travis Zajac is hit by Brandon Yip.
5:08 of 2nd period - Snap shot by Antoine Vermette.
5:08 of 2nd period - Stopped by Tuukka Rask without a rebound.
5:09 of 2nd period - Antoine Vermette wins face-off versus Nik Antropov in Blues zone.
5:40 of 2nd period - Snap shot by Sergei Shirokov.
5:40 of 2nd period - Stopped by Mike Brodeur with a rebound.
5:42 of 2nd period - Slapshot by Brian Lee.
5:42 of 2nd period - Deflect By Marcel Hossa.
5:42 of 2nd period - Stopped by Mike Brodeur with a rebound.
5:44 of 2nd period - Slapshot by Brian Lee.
5:44 of 2nd period - Deflect By Sergei Shirokov.
5:44 of 2nd period - Stopped by Mike Brodeur without a rebound.
5:45 of 2nd period - Andrew Cogliano wins face-off versus Kyle Wellwood in Sharks zone.
5:51 of 2nd period - Slapshot by Andrew Cogliano.
5:51 of 2nd period - Goal by Andrew Cogliano - Blues : 4 - Sharks : 0.
5:51 of 2nd period - Tyler Weiman enters game.
5:52 of 2nd period - Travis Zajac wins face-off versus Ted Purcell in neutral zone.
6:15 of 2nd period - Minor Penalty to Ted Purcell for Diving.
6:16 of 2nd period - Nik Antropov wins face-off versus Antoine Vermette in Sharks zone.
6:27 of 2nd period - Slapshot by Dan Boyle.
6:27 of 2nd period - Shot Misses the Net.
6:29 of 2nd period - Slapshot by Paul Kariya.
6:29 of 2nd period - Shot Misses the Net.
6:31 of 2nd period - Slapshot by Kristopher Letang.
6:31 of 2nd period - Shot Blocked by Martin Samuelsson.
6:49 of 2nd period - Wrist shot by David Perron.
6:49 of 2nd period - Goal by David Perron - Blues : 5 - Sharks : 0.
6:50 of 2nd period - Travis Zajac wins face-off versus Antoine Vermette in neutral zone.
6:57 of 2nd period - Slapshot by Travis Zajac.
6:57 of 2nd period - Shot Blocked by Antoine Vermette.
7:03 of 2nd period - Paul Kariya is hit by Markus Naslund and loses puck.
7:16 of 2nd period - Dany Heatley is hit by Dan Boyle and loses puck.
8:59 of 2nd period - Backhand shot by Nik Antropov.
8:59 of 2nd period - Shot Misses the Net.
9:13 of 2nd period - Kevin Shattenkirk is hit by Dany Heatley and loses puck.
9:30 of 2nd period - Markus Naslund is hit by Drew Fata and loses puck.
9:47 of 2nd period - Boris Valabik is hit by David Perron and loses puck.
10:52 of 2nd period - Slapshot by Dan Boyle.
10:52 of 2nd period - Shot Blocked by Alex Pietrangelo.
11:22 of 2nd period - Wrist shot by Bryce Lampman.
11:22 of 2nd period - Stopped by Tyler Weiman with a rebound.
11:24 of 2nd period - Snap shot by Bryce Lampman.
11:24 of 2nd period - Stopped by Tyler Weiman without a rebound.
11:25 of 2nd period - Ted Purcell wins face-off versus Andrew Cogliano in Sharks zone.
11:40 of 2nd period - Snap shot by Martin Samuelsson.
11:40 of 2nd period - Shot Misses the Net.
11:58 of 2nd period - Snap shot by David Perron.
11:58 of 2nd period - Shot Misses the Net.
12:00 of 2nd period - Slapshot by Brian Lee.
12:00 of 2nd period - Stopped by Tyler Weiman with a rebound.
12:23 of 2nd period - Slapshot by Antoine Vermette.
12:23 of 2nd period - Stopped by Tuukka Rask without a rebound.
12:24 of 2nd period - Andrew Cogliano wins face-off versus Antoine Vermette in Blues zone.
12:56 of 2nd period - Icing by Kyle Wellwood.
12:57 of 2nd period - Travis Zajac wins face-off versus Kyle Wellwood in Sharks zone.
13:20 of 2nd period - Snap shot by Martin Samuelsson.
13:20 of 2nd period - Stopped by Tuukka Rask with a rebound.
13:27 of 2nd period - Slapshot by Brian Lee.
13:27 of 2nd period - Shot Misses the Net.
13:29 of 2nd period - Slapshot by Kristopher Letang.
13:29 of 2nd period - Shot Misses the Net.
13:31 of 2nd period - Snap shot by David Perron.
13:31 of 2nd period - Goal by David Perron - Blues : 6 - Sharks : 0.
13:32 of 2nd period - Travis Zajac wins face-off versus Ted Purcell in neutral zone.
13:59 of 2nd period - Alex Pietrangelo is hit by Michael Frolik and loses puck.
14:08 of 2nd period - Snap shot by David Perron.
14:08 of 2nd period - Stopped by Tyler Weiman without a rebound.
14:09 of 2nd period - Antoine Vermette wins face-off versus Andrew Cogliano in Sharks zone.
14:09 of 2nd period - Antoine Vermette is hit by Sergei Shirokov.
14:17 of 2nd period - Slapshot by Markus Naslund.
14:17 of 2nd period - Stopped by Tuukka Rask without a rebound.
14:18 of 2nd period - Andrew Cogliano wins face-off versus Antoine Vermette in Blues zone.
14:27 of 2nd period - Wrist shot by Lasse Kukkonen.
14:27 of 2nd period - Deflect By Ted Purcell.
14:27 of 2nd period - Stopped by Tuukka Rask with a rebound.
14:33 of 2nd period - Slapshot by Antoine Vermette.
14:33 of 2nd period - Goal by Antoine Vermette - Blues : 6 - Sharks : 1.
14:34 of 2nd period - Travis Zajac wins face-off versus Markus Naslund in neutral zone.
14:39 of 2nd period - Slapshot by Bryce Lampman.
14:39 of 2nd period - Stopped by Tyler Weiman with a rebound.
14:41 of 2nd period - Slapshot by Bryce Lampman.
14:41 of 2nd period - Deflect By Paul Kariya.
14:41 of 2nd period - Shot Misses the Net.
14:41 of 2nd period - Puck is out of play.
14:42 of 2nd period - Antoine Vermette wins face-off versus Travis Zajac in Sharks zone.
14:49 of 2nd period - Paul Kariya is hit by Lasse Kukkonen and loses puck.
15:08 of 2nd period - Snap shot by Travis Zajac.
15:08 of 2nd period - Stopped by Tyler Weiman without a rebound.
15:09 of 2nd period - Nik Antropov wins face-off versus David Legwand in Sharks zone.
15:24 of 2nd period - Snap shot by Nik Antropov.
15:24 of 2nd period - Stopped by Tyler Weiman without a rebound.
15:25 of 2nd period - Antoine Vermette wins face-off versus Travis Zajac in Sharks zone.
15:31 of 2nd period - Icing by Kristopher Letang.
15:32 of 2nd period - Antoine Vermette wins face-off versus Marian Hossa in Blues zone.
15:33 of 2nd period - Slapshot by Markus Naslund.
15:33 of 2nd period - Deflect By Antoine Vermette.
15:33 of 2nd period - Shot Misses the Net.
15:33 of 2nd period - Puck is out of play.
15:34 of 2nd period - Travis Zajac wins face-off versus Antoine Vermette in Blues zone.
15:39 of 2nd period - Lasse Kukkonen is hit by Kristopher Letang and loses puck.
15:52 of 2nd period - Slapshot by Dan Boyle.
15:52 of 2nd period - Deflect By Antoine Vermette.
15:52 of 2nd period - Stopped by Tyler Weiman without a rebound.
15:53 of 2nd period - David Legwand wins face-off versus Nik Antropov in Sharks zone.
15:53 of 2nd period - David Legwand is hit by Michael Frolik.
17:30 of 2nd period - Snap shot by Cal Clutterbuck.
17:30 of 2nd period - Stopped by Tuukka Rask without a rebound.
17:31 of 2nd period - David Legwand wins face-off versus Marcel Hossa in Blues zone.
17:40 of 2nd period - Dany Heatley is hit by Brian Lee and loses puck.
17:56 of 2nd period - Minor Penalty to Alex Pietrangelo for Hooking.
17:57 of 2nd period - Nik Antropov wins face-off versus Antoine Vermette in Sharks zone.
18:26 of 2nd period - Slapshot by Kevin Shattenkirk.
18:26 of 2nd period - Shot Blocked by Antoine Vermette.
18:32 of 2nd period - Wrist shot by Travis Zajac.
18:32 of 2nd period - Deflect By Antoine Vermette.
18:32 of 2nd period - Stopped by Tyler Weiman with a rebound.
18:34 of 2nd period - Slapshot by Brian Lee.
18:34 of 2nd period - Deflect By Michael Frolik.
18:34 of 2nd period - Shot Blocked by David Hale.
18:34 of 2nd period - Puck is out of play.
18:35 of 2nd period - Travis Zajac wins face-off versus Antoine Vermette in Sharks zone.
18:36 of 2nd period - Snap shot by Michael Frolik.
18:36 of 2nd period - Shot Blocked by Martin Samuelsson.
18:38 of 2nd period - Slapshot by Kristopher Letang.
18:38 of 2nd period - Stopped by Tyler Weiman without a rebound.
18:39 of 2nd period - Travis Zajac wins face-off versus Antoine Vermette in Sharks zone.
18:40 of 2nd period - Wrist shot by Michael Frolik.
18:40 of 2nd period - Stopped by Tyler Weiman with a rebound.
18:42 of 2nd period - Snap shot by David Perron.
18:42 of 2nd period - Goal by David Perron - Blues : 7 - Sharks : 1.
18:43 of 2nd period - David Legwand wins face-off versus Marian Hossa in neutral zone.
19:14 of 2nd period - Snap shot by Marcel Hossa.
19:14 of 2nd period - Shot Blocked by Daniel Alfredsson.
19:26 of 2nd period - Kevin Shattenkirk is hit by Dany Heatley and loses puck.
19:44 of 2nd period - Wrist shot by Dany Heatley.
19:44 of 2nd period - Shot Blocked by Marcel Hossa.
19:46 of 2nd period - Slapshot by Dany Heatley.
19:46 of 2nd period - Shot Blocked by Kevin Shattenkirk.
19:48 of 2nd period - Snap shot by Daniel Alfredsson.
19:48 of 2nd period - Shot Misses the Net.
19:59 of 2nd period - Slapshot by David Legwand.
19:59 of 2nd period - Deflect By Marcel Hossa.
19:59 of 2nd period - Shot Misses the Net.
19:59 of 2nd period - Puck is out of play.
Goals for this period are 4 for Blues vs 1 for Sharks.
Shots for this period are 18 for Blues vs 10 for Sharks.
3rd period
0:01 of 3rd period - Travis Zajac wins face-off versus Antoine Vermette in neutral zone.
0:22 of 3rd period - Ted Purcell is hit by Dan Boyle and loses puck.
0:41 of 3rd period - Snap shot by Antoine Vermette.
0:41 of 3rd period - Shot Misses the Net.
0:43 of 3rd period - Snap shot by Markus Naslund.
0:43 of 3rd period - Stopped by Tuukka Rask with a rebound.
0:45 of 3rd period - Slapshot by Antoine Vermette.
0:45 of 3rd period - Sharks goal is going for a video replay.
0:45 of 3rd period - The goal is refused. The puck has deflected directly into the net off by an official..
0:46 of 3rd period - Daniel Alfredsson wins face-off versus Nik Antropov in Blues zone.
0:55 of 3rd period - Slapshot by David Legwand.
0:55 of 3rd period - Shot Misses the Net.
1:13 of 3rd period - Kyle Wellwood is hit by Andrew Cogliano and loses puck.
2:27 of 3rd period - Slapshot by Nik Antropov.
2:27 of 3rd period - Deflect By David Perron.
2:27 of 3rd period - Stopped by Tyler Weiman with a rebound.
2:29 of 3rd period - Wrist shot by Dan Boyle.
2:29 of 3rd period - Deflect By Michael Frolik.
2:29 of 3rd period - Stopped by Tyler Weiman without a rebound.
2:30 of 3rd period - Kyle Wellwood wins face-off versus Nik Antropov in Sharks zone.
2:51 of 3rd period - Snap shot by Michael Frolik.
2:51 of 3rd period - Goal by Michael Frolik - Blues : 8 - Sharks : 1.
2:51 of 3rd period - Mike Brodeur enters game.
2:52 of 3rd period - Antoine Vermette wins face-off versus Travis Zajac in neutral zone.
3:07 of 3rd period - Wrist shot by Markus Naslund.
3:07 of 3rd period - Goal by Markus Naslund - Blues : 8 - Sharks : 2.
3:08 of 3rd period - Travis Zajac wins face-off versus Markus Naslund in neutral zone.
3:15 of 3rd period - Snap shot by Travis Zajac.
3:15 of 3rd period - Stopped by Mike Brodeur with a rebound.
4:25 of 3rd period - Andrew Cogliano is hit by Shaone Morrisonn and loses puck.
5:33 of 3rd period - Andrew Cogliano is hit by Cal Clutterbuck.
7:41 of 3rd period - Johnny Boychuk is hit by Taylor Pyatt and loses puck.
7:50 of 3rd period - Slapshot by Ryan Callahan.
7:50 of 3rd period - Shot Hit the Post.
7:52 of 3rd period - Snap shot by Kevin Porter.
7:52 of 3rd period - Stopped by Mike Brodeur without a rebound.
7:53 of 3rd period - Kyle Wellwood wins face-off versus Travis Zajac in Sharks zone.
7:55 of 3rd period - Minor Penalty to Boris Valabik for Interference.
7:56 of 3rd period - Nik Antropov wins face-off versus Antoine Vermette in Sharks zone.
7:56 of 3rd period - Snap shot by Marian Hossa.
7:56 of 3rd period - Stopped by Mike Brodeur without a rebound.
7:57 of 3rd period - Antoine Vermette wins face-off versus Nik Antropov in Sharks zone.
7:57 of 3rd period - Antoine Vermette is hit by Kristopher Letang.
8:41 of 3rd period - Snap shot by Ted Purcell.
8:41 of 3rd period - Shot Misses the Net.
8:43 of 3rd period - Snap shot by Ted Purcell.
8:43 of 3rd period - Deflect By Travis Zajac.
8:43 of 3rd period - Shot Blocked by David Perron.
8:43 of 3rd period - Puck is out of play.
8:44 of 3rd period - Nik Antropov wins face-off versus Antoine Vermette in Blues zone.
9:11 of 3rd period - Ted Purcell is hit by David Perron and loses puck.
9:40 of 3rd period - Wrist shot by Adam Pardy.
9:40 of 3rd period - Shot Blocked by Dan Boyle.
9:52 of 3rd period - Wrist shot by Markus Naslund.
9:52 of 3rd period - Stopped by Tuukka Rask with a rebound.
9:55 of 3rd period - Penalty to Boris Valabik is over, Boris Valabik is back on ice.
10:10 of 3rd period - Slapshot by Taylor Pyatt.
10:10 of 3rd period - Stopped by Mike Brodeur with a rebound.
10:12 of 3rd period - Snap shot by Kevin Shattenkirk.
10:12 of 3rd period - Stopped by Mike Brodeur with a rebound.
10:14 of 3rd period - Slapshot by Kevin Shattenkirk.
10:14 of 3rd period - Deflect By Taylor Pyatt.
10:14 of 3rd period - Shot Blocked by Adam Pardy.
10:14 of 3rd period - Puck is out of play.
10:15 of 3rd period - Kyle Wellwood wins face-off versus Andrew Cogliano in Sharks zone.
10:40 of 3rd period - Drew Fata is hit by David Legwand and loses puck.
10:59 of 3rd period - Snap shot by Antoine Vermette.
10:59 of 3rd period - Shot Misses the Net.
12:05 of 3rd period - Wrist shot by Ryan Callahan.
12:05 of 3rd period - Shot Misses the Net.
12:27 of 3rd period - Snap shot by Dany Heatley.
12:27 of 3rd period - Stopped by Tuukka Rask without a rebound.
12:28 of 3rd period - Nik Antropov wins face-off versus David Legwand in Blues zone.
12:28 of 3rd period - Nik Antropov is hit by Daniel Alfredsson.
12:44 of 3rd period - Snap shot by Nik Antropov.
12:44 of 3rd period - Stopped by Mike Brodeur with a rebound.
12:50 of 3rd period - Minor Penalty to David Legwand for Holding.
12:51 of 3rd period - Nik Antropov wins face-off versus Antoine Vermette in Sharks zone.
13:26 of 3rd period - Slapshot by Kristopher Letang.
13:26 of 3rd period - Stopped by Mike Brodeur with a rebound.
14:50 of 3rd period - Penalty to David Legwand is over, David Legwand is back on ice.
15:12 of 3rd period - Slapshot by Antoine Vermette.
15:12 of 3rd period - Stopped by Tuukka Rask with a rebound.
15:26 of 3rd period - Backhand shot by David Legwand.
15:26 of 3rd period - Shot Misses the Net.
15:38 of 3rd period - Slapshot by Taylor Pyatt.
15:38 of 3rd period - Shot Blocked by Adam Pardy.
16:10 of 3rd period - Snap shot by David Legwand.
16:10 of 3rd period - Stopped by Tuukka Rask without a rebound.
16:11 of 3rd period - Ted Purcell wins face-off versus Travis Zajac in Blues zone.
16:24 of 3rd period - Slapshot by Marian Hossa.
16:24 of 3rd period - Stopped by Mike Brodeur with a rebound.
16:26 of 3rd period - Slapshot by Bryce Lampman.
16:26 of 3rd period - Shot Blocked by Lasse Kukkonen.
16:28 of 3rd period - Slapshot by Paul Kariya.
16:28 of 3rd period - Shot Blocked by Ted Purcell.
16:38 of 3rd period - Dan Boyle is hit by Cal Clutterbuck and loses puck.
17:04 of 3rd period - Alex Pietrangelo is hit by Marian Hossa and loses puck.
17:20 of 3rd period - Icing by Nik Antropov.
17:21 of 3rd period - Kyle Wellwood wins face-off versus David Perron in Blues zone.
17:51 of 3rd period - Wrist shot by Travis Zajac.
17:51 of 3rd period - Shot Misses the Net.
18:13 of 3rd period - Boris Valabik is hit by Sergei Shirokov and loses puck.
18:34 of 3rd period - Lasse Kukkonen is hit by Ryan Callahan and loses puck.
19:02 of 3rd period - Marian Hossa is hit by Ted Purcell and loses puck.
19:54 of 3rd period - Backhand shot by Travis Zajac.
19:54 of 3rd period - Shot Blocked by Adam Pardy.
Goals for this period are 1 for Blues vs 1 for Sharks.
Shots for this period are 11 for Blues vs 7 for Sharks.
Output by the SimonT Hockey Simulator (STHS) for François Prévost -- Original Page W3C XHTML 1.0 Valid